 Dungeon Crawl Stone Soup version 0.30-a0-583-g19bae12e61 (webtiles) character file.

Game seed: 4237744586727017401

594 Citaku the Cutter (level 7, 0/52 HPs)
             Began as a Human Wanderer on Jan 1, 2023.
             Was a Plaything of Xom.
             Slain by an orc warrior
             ... wielding a +0 dire flail
              (3 damage)
             ... on level 6 of the Dungeon.
             The game lasted 00:17:03 (3397 turns).

Citaku the Cutter (Human Wanderer)                  Turns: 3397, Time: 00:17:04

Health: 0/52       AC: 11    Str: 10 (12) XL:     7   Next: 67%
Magic:  8/8        EV:  5    Int: 11 (12) God:    Xom [..*...]
Gold:   120        SH:  0    Dex: 13 (15) Spells: 8/8 levels left

rFire   . . .      SeeInvis .    a - +4 dagger
rCold   . . .      Faith    .    (no shield)
rNeg    . . .      Spirit   .    q - +0 chain mail "Nainep" {rElec Stlth+}
rPois   .          Reflect  .    d - +0 helmet
rElec   +          Harm     .    f - scarf {+Inv}
rCorr   .          Rampage  .    (no gloves)
Will    .....                    c - +0 pair of boots Stlth
                                 (no amulet)
HPRegen 0.28/turn                (no ring)
MPRegen 0.11/turn                (no ring)

@: brilliant
A: no striking features
a: Renounce Religion, Evoke Invisibility


You were on level 6 of the Dungeon.
You worshipped Xom.
You were a toy of Xom.
You visited 1 branch of the dungeon, and saw 5 of its levels.

You collected 120 gold pieces.

Inventory:

Hand Weapons
 a - a +4 dagger (weapon)
Missiles
 p - 3 poisoned darts (quivered)
Armour
 c - a +0 pair of boots (worn)
 d - a +0 helmet (worn)
 f - a scarf of invisibility (worn)
 q - the +0 chain mail "Nainep" (worn) {rElec Stlth+}
   (You found it on level 4 of the Dungeon)

   rElec:     It insulates you from electricity.
   Stlth:     It makes you more stealthy.
Wands
 i - a wand of flame (16)
Scrolls
 g - 2 scrolls of identify
 h - a scroll of amnesia
 k - a scroll of poison
 m - a scroll of noise
 n - a scroll of teleportation
 o - a scroll of silence
Potions
 l - 3 potions of lignification


   Skills:
 + Level 3.1 Fighting
 + Level 4.6 Short Blades
 + Level 2.5 Throwing
 + Level 3.8 Armour
 + Level 2.3 Dodging
 + Level 4.1 Stealth
 + Level 1.0 Spellcasting


You had 8 spell levels left.
You didn't know any spells.
Your spell library contained the following spells:

 Spells                   Type           Power      Damage    Failure   Level
 Inner Flame              Hex/Fire       0%         N/A       100%        3
 Flame Wave               Conj/Fire      0%         2d4       100%        4
 Sticky Flame             Conj/Fire      0%         2d3       100%        4
 Fireball                 Conj/Fire      0%         3d3       100%        5
 Iskenderun's Battlesphe  Conj           0%         2d6       100%        5
 Conjure Ball Lightning   Conj/Air       0%         3x3d7     100%        6
 Orb of Destruction       Conj           0%         9d5       100%        7


Dungeon Overview and Level Annotations

Branches:
Dungeon (4/15)
 Temple: D:4-7

Altars:
Ashenzari
Qazlal
Xom

Annotations:
D:4 1 runed translucent door, fly's ghost, weakling DgDe


Message History

"Heh heh heh..."
You are more confused.
The orc warrior looks rather confused.
The orc warrior hits you with a +0 dire flail!
You closely miss the orc warrior.
The orc warrior is severely wounded.
You bump into the rock wall.
You bump into the rock wall.
The orc warrior seems less confused.
You hit the orc warrior but do no damage.
The orc warrior is heavily wounded.
You feel less invigorated.
The orc warrior hits you with a +0 dire flail.
You hit the orc warrior.
The orc warrior is severely wounded.
You hit the orc warrior but do no damage.
The orc warrior is severely wounded.
The orc warrior barely misses you.
You hit the orc warrior.
The orc warrior is severely wounded.
The orc warrior hits you but does no damage.
You're too confused to move!
The orc warrior hits you with a +0 dire flail.
You feel less confused.
The orc warrior hits you with a +0 dire flail!
The orc warrior attacks as you move away!
The orc warrior hits you with a +0 dire flail!
* * * LOW HITPOINT WARNING * * *
As you read the scroll of fear, it crumbles to dust.
You assume a fearsome visage.
The orc warrior looks frightened!
An orc warrior is nearby!
Cornered, the orc warrior turns to fight!
Xom's power touches on a nearby monster.
The orc warrior flickers and vanishes!
Deactivating autopickup; reactivate with Ctrl-A.
Something hits you!
* * * LOW HITPOINT WARNING * * *
You start resting.
Something hits you but does no damage. Something hits you.
You die... "This toy is broken."

##### #...######
#.#......# #####
#...##.#.####....
##.##.###.....o..
####.#.# ##.......
##.@..##.# #.##.###o
##.###.## .#.....# .
#.## ##.###>#.##.# .
#######.#
#.....#.##..
#.......##
##.......####
#.####.#.###.†......#
#.##....###..###
#.##.#..# #..#
#.##.#.## #....


There were no monsters in sight!

Vanquished Creatures
  Sigmund (D:3)
  A water moccasin (D:6)
  A bullfrog (D:6)
  A jelly (D:4)
  Ijyb (D:3)
  An orc wizard (D:4)
  4 adders
  2 worms
  2 dart slugs
  4 orcs (D:4)
  6 ball pythons
  10 endoplasms
  A giant cockroach (D:2)
  8 goblins
  4 hobgoblins
  4 jackals (D:2)
  2 kobolds
  3 quokkas
  9 bats
  2 frilled lizards (D:1)
  11 rats
78 creatures vanquished.

Vanquished Creatures (collateral kills)
  A scorpion (D:4)
1 creature vanquished.

Grand Total: 79 creatures vanquished

Notes
Turn   | Place    | Note
-------+----------+-------------------------------------------
     0 | D:1      | Citaku the Human Wanderer began the quest for the Orb.
     0 | D:1      | Citaku set off with the following items: a +3 dagger, a
                  | scroll of fear, 14 poisoned darts, a +0 dagger, a potion of
                  | curing, a +0 leather armour.
     0 | D:1      | Reached XP level 1. HP: 16/16 MP: 2/2
   153 | D:1      | Reached XP level 2. HP: 22/22 MP: 3/3
   879 | D:2      | Reached XP level 3. HP: 14/27 MP: 4/4
  1022 | D:2      | Reached skill level 1 in Short Blades
  1062 | D:2      | Reached XP level 4. HP: 29/33 MP: 5/5
  1238 | D:2      | Found a faded altar of an unknown god.
  1305 | D:2      | Prayed at the altar of an unknown god.
  1305 | D:2      | Became a worshipper of Xom the Psychotic
  1557 | D:2      | Found a broken altar of Ashenzari.
  1652 | D:2      | XOM: divination: detect items
  1814 | D:2      | XOM: divination: magic mapping
  1954 | D:3      | Noticed Sigmund
  1957 | D:3      | XOM: silly message
  1970 | D:3      | XOM: potion effect (berserk rage)
  1974 | D:3      | Killed Sigmund
  1975 | D:3      | Reached XP level 5. HP: 16/40 MP: 6/6
  1975 | D:3      | Reached XP level 6. HP: 19/46 MP: 7/7
  2028 | D:3      | XOM: 3-stop teleportation journey
  2296 | D:3      | Noticed Ijyb
  2317 | D:3      | Killed Ijyb
  2503 | D:3      | Found a stormy altar of Qazlal.
  2593 | D:3      | XOM: silly message
  2675 | D:4      | XOM: noise
  2816 | D:4      | XOM: cast spell 'Call Canine Familiar'
  2825 | D:4      | Reached XP level 7. HP: 31/51 MP: 8/8
  2948 | D:4      | Identified the +0 chain mail "Nainep" {rElec Stlth+}
  2992 | D:4      | Found a runed translucent door.
  2997 | D:4      | Noticed fly's ghost (weakling DgDe)
  3193 | D:4      | You fall into a shaft and drop 2 floors!
  3225 | D:6      | Noticed a water moccasin
  3225 | D:6      | XOM: 1-stop teleportation journey
  3226 | D:6      | Killed a water moccasin
  3229 | D:6      | XOM: confuse monster(s)
  3337 | D:6      | XOM: potion effect (brilliance)
  3372 | D:6      | XOM: confusion (+ monsters)
  3391 | D:6      | XOM: enchant monster (bad)
  3397 | D:6      | Slain by an orc warrior

Illustrated notes

Levels and vault maps discovered:
D:1:      matt_arrival_grand_opening, layout_basic
D:2:      layout_loops_ring, basic_altar, hellmonk_ecumenical_altar_dog_temple
D:3:      layout_rooms, mainiacjoe_overflow_surrounded_room,
          amcnicky_mini_rare_corridor_liquid, lightli_corner_chamber, uniq_ijyb,
          uniq_sigmund
D:4:      layout_gridville, ebering_ghost_reflecting_pool, uniq_grinder
D:6:      minmay_polygon_palace, layout_loops_ring,
          mainiacjoe_overflow_cross_hatched, uniq_prince_ribbit1

Skill      XL: |  1  2  3  4  5  6  7 |
---------------+----------------------+-----
Short Blades   | 1 3 4 |  4.6
Stealth        | 4 |  4.1
Armour         | 2 3 |  3.8
Dodging        | 2 |  2.3
Fighting       | 3 |  3.1
Throwing       | |  2.5
Spellcasting   | |  1.0

Action                   |  1- 3 |  4- 6 |  7- 9 || total
-------------------------+-------+-------+-------++-------
Melee: Dagger            |    86 |   185 |    55 ||   326
       Punch             |     1 |     1 |     2 ||     4
  Use: Scroll            |       |     5 |     4 ||     9
       Potion            |       |     3 |     3 ||     6
 Stab: Sleeping          |     1 |       |     1 ||     2
       Confused          |       |       |     1 ||     1
Armor: Leather armour    |    16 |       |       ||    16
       Chain mail        |    38 |   190 |    28 ||   256
Dodge: Dodged            |    45 |    62 |     8 ||   115

Table legend: (Time is in decaauts)
 A = Elapsed time spent in this place.
 B = Non-inter-level travel time spent in this place.
 C = Inter-level travel time spent in this place.
 D = Time resting spent in this place.
 E = Time spent auto-exploring this place.
 F = Levels seen in this place.
 G = Mean time per level.
                   A        B        C        D        E       F      G
               +--------+--------+--------+--------+--------+-----+--------+
         Total |   3371 |   3371 |      0 |    454 |   1460 |   5 |  674.2 |
       Dungeon |   3371 |   3371 |      0 |    454 |   1460 |   5 |  674.2 |
               +--------+--------+--------+--------+--------+-----+--------+

Top non-repeatable levels by time:
     D:2: 1005 daAuts
     D:1: 860 daAuts
     D:3: 803 daAuts
     D:4: 506 daAuts
     D:6: 196 daAuts
